 Dungeon Crawl Stone Soup version 0.26.1-11-gd32895ea62 (webtiles) character file.

Game seed: 4740323350346946858

67 Almogavar the Digger (level 4, 0/24 HPs)
             Began as a Gargoyle Earth Elementalist on May 9, 2021.
             Slain by a gnoll
             ... wielding a +0 club
              (5 damage)
             ... on level 2 of the Dungeon.
             The game lasted 00:05:11 (1401 turns).

Almogavar the Digger (Gargoyle Earth Elementalist)  Turns: 1401, Time: 00:05:12

Health: 0/24       AC:  5    Str: 12    XL:     4   Next: 18%
Magic:  1/8        EV: 12    Int: 16    God:
Gold:   29         SH:  0    Dex: 10    Spells: 7/8 levels left

rFire    . . .     SeeInvis .   d - +0 dagger
rCold    . . .     Faith    .   (no shield)
rNeg     + . .     Spirit   .   c - +0 robe
rPois    ∞         Reflect  .   (no helmet)
rElec    +         Harm     .   (no cloak)
rCorr    .         Rampage  .   (no gloves)
Will     .....                  (no boots)
Stlth    ++........             h - amulet of the acrobat
HPRegen  0.08/turn              (no ring)
MPRegen  0.11/turn              (no ring)

@: no status effects
A: negative energy resistance 1, electricity resistance, unbreathing,
petrification resistance, miasma immunity, AC +3
a: no special abilities


You were on level 2 of the Dungeon.
You visited 1 branch of the dungeon, and saw 2 of its levels.

You collected 29 gold pieces.

Inventory:

Hand Weapons
 d - a +0 dagger (weapon)
Missiles
 b - 8 stones
 g - 23 bolts
Armour
 a - a +0 leather armour
 c - a +0 robe (worn)
Jewellery
 h - an amulet of the acrobat (around neck)
Scrolls
 e - a scroll of enchant weapon {unknown}
 f - a scroll of fear {unknown}


   Skills:
 + Level 0.3 Fighting
 + Level 1.7 Dodging
 + Level 2.7 Stealth
 + Level 2.7 Spellcasting
 + Level 0.7 Transmutations
 + Level 4.8 Earth Magic


You had 7 spell levels left.
You knew the following spells:

 Your Spells              Type           Power        Failure   Level
a - Sandblast             Erth           34%          2%          1

Your spell library contained the following spells:

 Spells                   Type           Power        Failure   Level
 Passwall                 Tmut/Erth      9%           10%         2
 Stone Arrow              Conj/Erth      18%          22%         3
 Petrify                  Tmut/Erth      11%          52%         4
 Lee's Rapid Deconstruct  Erth           8%           58%         5


Dungeon Overview and Level Annotations

Branches:
Dungeon (2/15)

Altars:
Elyvilon
Zin
The Shining One


Innate Abilities, Weirdness & Mutations

You are resistant to torment.
Your stone body is resilient. (AC +3)
You are immune to poison.
You resist negative energy. (rN+)
You are resistant to electric shocks. (rElec)
You can survive without breathing.
You are immune to petrification.
You are immune to miasma.


Message History

You hit the gnoll.
The gnoll is severely wounded.
The gnoll hits you with a +0 club.
You hit the gnoll.
The gnoll is almost dead.
The gnoll barely misses you.
You barely miss the gnoll.
The gnoll is almost dead.
The gnoll hits you but does no damage.
You hit the gnoll but do no damage.
The gnoll is almost dead.
The gnoll hits you with a +0 club.
You closely miss the gnoll.
The gnoll is severely wounded.
The gnoll hits you with a +0 club!
* * * LOW HITPOINT WARNING * * *
You hit the gnoll.
The gnoll is almost dead.
The gnoll hits you with a +0 club.
You die...

.. ..... ... .....
....########..... ..##.
......>......... ...(.
.!...#..#....... ....
..#.........#
g..##............###..
#...†(.#.$...g........
#....l.......#@...###.
#..l.(.......#....#
#Kw<.†..#......#..#
#.(.†.....#...#.......
.........##.............
..........#..###.......#
.#...............[......
.≈≈≈≈≈......# ......##.
.≈≈≈8≈≈≈.....##.#.


You could see a gnoll.

Vanquished Creatures
  2 gnolls
  2 adders (D:1)
  A worm (D:2)
  A leopard gecko (D:1)
  A ball python (D:1)
  2 giant cockroaches (D:1)
  3 goblins (D:1)
  3 hobgoblins
  5 kobolds
  4 bats
  2 frilled lizards (D:1)
  A rat (D:1)
27 creatures vanquished.

Notes
Turn   | Place    | Note
-------+----------+-------------------------------------------
     0 | D:1      | Almogavar the Gargoyle Earth Elementalist began the quest
                  | for the Orb.
     0 | D:1      | Reached XP level 1. HP: 10/10 MP: 3/3
   301 | D:1      | Reached skill level 4 in Earth Magic
   381 | D:1      | Reached XP level 2. HP: 15/15 MP: 0/5
   906 | D:2      | Found a glowing silver altar of Zin.
   906 | D:2      | Found a white marble altar of Elyvilon.
  1001 | D:2      | Found a glowing golden altar of the Shining One.
  1009 | D:1      | Reached XP level 3. HP: 17/19 MP: 1/6
  1390 | D:2      | Reached XP level 4. HP: 21/24 MP: 4/8
  1401 | D:2      | Slain by a gnoll

Illustrated notes

Levels and vault maps discovered:
D:1:      shiori_arrival_elements, layout_basic
D:2:      layout_rooms, good_gods_mini_temple, lemuel_doored_altar

Skill      XL: |  1 |
---------------+----+-----
Earth Magic    | 4 |  4.8
Fighting       | |  0.3
Dodging        | |  1.7
Stealth        | |  2.7
Spellcasting   | |  2.7
Transmutations | |  0.7

Action                   |  1- 3 |  4- 6 || total
-------------------------+-------+-------++-------
Melee: Dagger            |     1 |     8 ||     9
 Cast: Sandblast         |    42 |     4 ||    46
Armor: Robe              |     7 |     1 ||     8
Dodge: Dodged            |    23 |     3 ||    26
